 Dungeon Crawl Stone Soup version 0.31.0-4-g52a2dc7128 (webtiles) character file.

Game seed: 3128377399485001708

106 RancidPinata the Covert (level 4, 0/31 HPs)
             Began as an Octopode Delver on Jan 22, 2024.
             Slain by a river rat (4 damage)
             ... in a sewer.
             The game lasted 00:07:28 (1165 turns).

RancidPinata the Covert (Octopode Delver)           Turns: 1165, Time: 00:07:28

Health: 0/31       AC:  2    Str: 13    XL:     4   Next: 84%
Magic:  0/4        EV: 13    Int: 12    God:
Gold:   120        SH:  0    Dex: 13    Spells: 3/3 levels left

rFire   . . .        a - +0 short sword
rCold   . . .        (no shield)
rNeg    . . .        l - +1 hat
rPois   .            k - amulet of guardian spirit
rElec   .            g - ring of resist corrosion
rCorr   +            (no ring)
SInv    .            (no ring)
Will    .....        (no ring)
Stlth   +++++        (no ring)
HPRegen 0.25/turn    (no ring)
MPRegen 0.09/turn    (no ring)
                     (no ring)

%: guardian spirit
@: no status effects
A: almost no armour, amphibious, 8 rings, camouflage 1, gelatinous body 1,
(nimble swimmer 1), tentacles
a: no special abilities


You were in a sewer.
You visited 1 branch of the dungeon, and saw 3 of its levels.
You also visited: Sewer.

You collected 120 gold pieces.

Inventory:

Hand Weapons
 a - a +0 short sword (weapon)
Armour
 l - a +1 hat (worn)
Jewellery
 g - a ring of resist corrosion (left tentacle)
 k - an amulet of guardian spirit (around mantle)
Talismans
 h - a blade talisman
Wands
 f - a wand of digging (3)
Scrolls
 b - 2 scrolls of fog
 c - a scroll of revelation
 d - a scroll of fear
 i - a scroll of identify {unknown}
 n - a scroll of enchant weapon {unknown}
 o - a scroll of enchant armour {unknown}
 p - 3 scrolls of noise
Potions
 e - a potion of haste
 j - a potion of ambrosia {unknown}
 m - a potion of mutation {unknown}
 q - 2 potions of might {unknown}
 r - 2 potions of enlightenment


   Skills:
 * Level 3.4 Fighting
 + Level 2.5 Short Blades
 * Level 2.8 Dodging
 + Level 8.0 Stealth


You had 3 spell levels left.
You didn't know any spells.
Your spell library contained the following spells:

 Spells                   Type           Power      Damage    Failure   Level
 Ensorcelled Hibernation  Hex/Ice        0%         N/A       45%         2
 Fugue of the Fallen      Necr           0%         N/A       69%         3
 Passwall                 Erth           0%         N/A       69%         3
 Swiftness                Air            0%         N/A       69%         3
 Anguish                  Hex/Necr       0%         N/A       97%         4


Dungeon Overview and Level Annotations

Branches:
Dungeon (6/15)              Sewer (1/1)
 Temple: D:4-7

Altars:

Annotations:
D:4 Edmund
D:5 Grinder


Innate Abilities, Weirdness & Mutations

You cannot wear most types of armour.
You are amphibious.
You can wear up to eight rings at the same time.
Your skin changes colour to match your surroundings (Stealth+).
Your rubbery body absorbs attacks. (AC +1, EV +1)
((You are camouflaged when in or above water. (Stealth+)))
You have tentacles for arms and can constrict up to eight enemies at once.


Message History

The river rat bites you but does no damage.
You closely miss the river rat. Your grab misses the river rat.
Your squeeze misses the river rat. You closely miss the river rat.
Your grab misses the river rat. The river rat bites you.
The river rat closely misses you.
You hit the river rat. Your grab misses the river rat.
The river rat is moderately wounded.
The river rat closely misses you. x2
You closely miss the river rat. Your grab misses the river rat.
The river rat is moderately wounded.
The river rat closely misses you. The river rat barely misses you.
You hit the river rat but do no damage. You grab the river rat.
The river rat is moderately wounded.
You constrict the river rat. The river rat bites you.
* * * LOW HITPOINT WARNING * * *
The river rat closely misses you.
You hit the river rat.
The river rat is heavily wounded.
You constrict the river rat. The river rat closely misses you.
The river rat barely misses you.
You hit the river rat but do no damage.
The river rat is severely wounded.
You constrict the river rat. The river rat closely misses you.
The river rat bites you.
* * * LOW HITPOINT WARNING * * *
You barely miss the river rat.
The river rat is almost dead.
You constrict the river rat.
You kill the river rat!
The river rat misses you.
You hit the river rat but do no damage. You grab the river rat.
You constrict the river rat, but do no damage.
The river rat bites you.
* * * LOW HITPOINT WARNING * * *
You hit the river rat but do no damage. You constrict the river rat.
Okay, then.
You hit the river rat but do no damage. You squeeze the river rat!
The river rat is almost dead.
You constrict the river rat. The river rat bites you.
You die...

~≈~~.~.~~~~~~~.~~~~~.~~~~~~≈~#
.≈~≈≈≈≈≈≈≈≈≈≈≈≈≈≈≈≈≈≈≈≈≈≈≈~≈.#
~≈~~~~~~~..~~.~~~~~~.~~~~~.≈~#
~≈~#######################~≈~#
.≈~# ###### ###### #~≈~# .≈~#
#....# #....# #~≈.#
~≈~#####''#####''##### #~≈~#
~~~~~~~.............∩# #~≈~#
~~~~~~.........r@...∩# #~≈~#
~≈~#####''#####''##### #~≈~# ~≈~#
#..†.# #.... #~≈~# ~≈~# ######
###### #~≈~#
~≈~#######################~≈~####
~≈~~~.~~~~~~~~~~.~~~~~~~~~~~~~~~~
.≈≈≈≈≈≈≈≈≈≈≈≈≈≈≈≈≈≈≈≈≈≈≈≈≈≈≈≈≈≈≈≈
~~~~~~~~~.~~~~~~~~~~~~~~~~.~~~~~~
#################################


You could see a river rat.

Vanquished Creatures
  5 adders (Sewer)
  3 river rats
  2 ribbon worms
  2 orcs (D:6)
  8 ball pythons
  An endoplasm (D:4)
  A giant cockroach (Sewer)
  A hobgoblin (D:4)
  2 jackals (Sewer)
  5 bats (Sewer)
  A frilled lizard (Sewer)
  2 rats (D:4)
33 creatures vanquished.

Notes
Turn   | Place    | Note
-------+----------+-------------------------------------------
     0 | D:5      | RancidPinata the Octopode Delver began the quest for the
                  | Orb.
     0 | D:5      | Reached XP level 1. HP: 16/16 MP: 1/1
    34 | D:6      | Noticed an iguana
    39 | D:6      | Noticed a scorpion
   118 | D:6      | Noticed a wyvern
   177 | D:6      | Noticed a wight
   245 | D:5      | Noticed Grinder
   245 | D:5      | Noticed an orc wizard
   258 | D:5      | Paralysed by Grinder for 5 turns
   331 | D:4      | Reached skill level 7 in Stealth
   414 | D:4      | Reached XP level 2. HP: 21/21 MP: 2/2
   466 | D:4      | Noticed Edmund
   571 | D:4      | Found a glowing drain.
   605 | Sewer    | Entered a sewer
   611 | Sewer    | Reached XP level 3. HP: 20/26 MP: 1/3
   942 | Sewer    | Reached XP level 4. HP: 25/31 MP: 2/4
  1115 | Sewer    | Reached skill level 8 in Stealth
  1165 | Sewer    | Slain by a river rat

Illustrated notes

Levels and vault maps discovered:
D:4:      layout_basic, pf_just_have_faith, portal_sewer_entry_a,
          sigmund_edmund_badplayer
D:5:      layout_cave_pools, nicolae_ru_the_path_less_chosen, led_sif_book,
          minmay_temple_entry_grid, minmay_holes, st_stairs_3,
          nicolae_elevator_lobby_plus, uniq_eustachio, uniq_grinder,
          uniq_sigmund
D:6:      layout_basic, nicolae_overflow_hidden_temple, minmay_misc_feat_rows,
          nicolae_sextant
Sewer:    sewer_fruit_machine

Skill      XL: |  1  2  3  4 |
---------------+-------------+-----
Stealth        | 7 8 |  8.0
Fighting       | |  3.4
Short Blades   | |  2.5
Dodging        | |  2.8

Action                     |  1- 3 |  4- 6 || total
---------------------------+-------+-------++-------
  Melee: Short sword       |    58 |    23 ||    81
         Constrict         |    13 |     5 ||    18
         Tentacles         |    13 |     4 ||    17
   Stab: Sleeping          |     4 |     3 ||     7
         Distracted        |     1 |       ||     1
 Armour: Skin              |    21 |    14 ||    35
  Dodge: Dodged            |    46 |    17 ||    63
